 Dungeon Crawl Stone Soup version 0.29.1-12-g30fa7ad0bf (webtiles) character file.

Game seed: 12899376709430832110

1704 H0rd4k the Martial Artist (level 9, -4/61 HPs)
             Began as an Octopode Artificer on Jan 13, 2023.
             Was an Initiate of Gozag.
             Slain by Joseph
             ... wielding a +0 quarterstaff
              (18 damage)
             ... on level 7 of the Dungeon.
             The game lasted 00:06:46 (7861 turns).

H0rd4k the Martial Artist (Octopode Artificer)      Turns: 7861, Time: 00:06:47

Health: -4/61      AC:  1    Str: 12    XL:     9   Next: 3%
Magic:  24/24      EV: 14    Int: 17    God:    Gozag
Gold:   469        SH:  0    Dex: 18    Spells: 16/16 levels left

rFire   . . .      SeeInvis .     - Unarmed
rCold   . . .      Faith    .   (no shield)
rNeg    . . .      Spirit   .   (helmet restricted)
rPois   .          Reflect  .   m - amulet of magic regeneration
rElec   .          Harm     .   t - +6 ring of dexterity
rCorr   .          Rampage  .   v - ring of magical power
Will    .....                   (no ring)
Stlth   +++.......              (no ring)
HPRegen 0.20/turn               (no ring)
MPRegen 0.59/turn               (no ring)
                                (no ring)
                                (no ring)

@: no status effects
A: almost no armour, amphibious, 8 rings, camouflage 1, gelatinous body 1,
(nimble swimmer 1), tentacles
a: Renounce Religion, Potion Petition, Call Merchant, Bribe Branch


You were on level 7 of the Dungeon.
You worshipped Gozag.
Gozag was aware of your devotion.
You visited 2 branches of the dungeon, and saw 8 of its levels.

You collected 615 gold pieces.
You paid 146 gold pieces to Gozag.

Inventory:

Magical Staves
 C - a staff of earth
Jewellery
 l - an amulet of faith
 m - an amulet of magic regeneration (around mantle)
 n - an amulet of the acrobat
 t - a +6 ring of dexterity (left tentacle)
 v - a ring of magical power (right tentacle)
 x - a ring of willpower
 B - a ring of willpower
Wands
 b - a wand of flame (6) (quivered)
 c - a wand of charming (9)
 d - a wand of iceblast (1)
Scrolls
 a - 3 scrolls of blinking
 f - 4 scrolls of vulnerability
 i - 2 scrolls of teleportation
 j - 2 scrolls of poison
 k - 2 scrolls of enchant armour
 p - a scroll of butterflies {unknown}
 q - 5 scrolls of amnesia
 r - 2 scrolls of silence
 u - a scroll of immolation {unknown}
 w - 3 scrolls of identify
 y - a scroll of noise {unknown}
 D - a scroll of magic mapping {unknown}
Potions
 e - a potion of attraction
 g - 2 potions of flight
 h - a potion of curing {unknown}
 o - a potion of lignification
 s - 3 potions of berserk rage {unknown}
 z - a potion of resistance {unknown}
 A - a potion of invisibility {unknown}


   Skills:
 * Level 5.4 Fighting
 - Level 2.3 Dodging
 - Level 1.3 Stealth
 + Level 8.3 Unarmed Combat
 * Level 4.4 Spellcasting
 - Level 3.2 Evocations


You had 16 spell levels left.
You didn't know any spells.
Your spell library contained the following spells:

 Spells                   Type           Power      Damage    Failure   Level
 Freeze                   Ice            12%        1d4       16%         1
 Necrotise                Necr           12%        1d4       16%         1
 Frozen Ramparts          Ice            6%         1d1       41%         3
 Vampiric Draining        Necr           3%         2d6       41%         3
 Hailstorm                Conj/Ice       3%         3d3       83%         4
 Agony                    Necr           3%         N/A       99%         5


Dungeon Overview and Level Annotations

Branches:
Dungeon (7/15)             Temple (1/1) D:6

Altars:
Ashenzari
Cheibriados
Dithmenos
Elyvilon
Fedhas
Gozag
Hepliaklqana
Kikubaaqudgha
Makhleb
Nemelex Xobeh
Okawaru
Qazlal
Ru
Sif Muna
Trog
Uskayaw
Vehumet
Wu Jian
Xom
Yredelemnul
Zin
The Shining One

Shops:
D:3 !   D:6 (

Annotations:
D:2 1 exclusion
D:7 Joseph


Innate Abilities, Weirdness & Mutations

You cannot wear most types of armour.
You are amphibious.
You can wear up to eight rings at the same time.
Your skin changes colour to match your surroundings (Stealth+).
Your rubbery body absorbs attacks. (AC +1, EV +1)
((You are camouflaged when in or above water. (Stealth+)))
You have tentacles for arms and can constrict up to eight enemies at once.


Message History

Aiming: Charm
Press: ? - help, Shift-Dir - straight line, f - wight
Aim: a wight, wielding a +0 spear and wearing a +0 robe (chance to affect: 57%)
The wight is charmed.
Unknown command.
You swap places.
What are your orders? t - Shout!
Orders for allies: a - Attack new target. p - Attack previous target. r - Retreat! s - Stop attacking. g - Guard the area. f - Follow me.
Anything else - Cancel.
Guard this area!
You open the door.
There is an open door here.
You open the door.
There is an open door here.
You hear the creaking of a distant portcullis.
Joseph shouts!
Joseph shoots a sling bullet.
The sling bullet hits you!
Joseph shoots a sling bullet.
The sling bullet hits you!
Joseph shoots a sling bullet.
The sling bullet hits you!
Joseph says, "It's nothing personal, but I have to kill you."
There is an open door here.
You tentacle-slap Joseph but do no damage.
You grab Joseph. You squeeze Joseph.
Joseph is moderately wounded.
You constrict Joseph, but do no damage.
Joseph unwields a +0 sling.
Joseph wields a +0 quarterstaff.
Joseph hits you with a +0 quarterstaff.
You tentacle-slap Joseph.
You tentacle-slap Joseph, but do no damage.
Joseph is moderately wounded.
You constrict Joseph. Joseph hits you with a +0 quarterstaff!
* * * LOW HITPOINT WARNING * * *
You tentacle-slap Joseph but do no damage.
Joseph is moderately wounded.
You constrict Joseph.
Joseph hits you with a +0 quarterstaff!!
You die...
Your body crumbles into a pile of gold.

##############.#######...# #.#
..@...z..................# #.#
...########'###########.#####.#
#....# #............. #....#
#.#######..... #....# #.#
####.# #....# #.# #.#
#....####.####### #.#
#...@@........... ..#
#....####.####.# ### ###### #.#
#.# #.# #.# $ #.# #.#
#.########.#


You could see Joseph.

Vanquished Creatures
  2 black bears
  An ice beast (D:6)
  An orc warrior (D:3)
  2 phantoms
  A centaur (D:6)
  A scorpion (D:5)
  2 necrophages (D:6)
  3 wights (D:6)
  4 howler monkeys
  An electric eel (D:7)
  A hound (D:5)
  An orc priest (D:4)
  2 iguanas
  8 orc wizards
  3 gnolls (D:3)
  3 adders
  An ufetubus (D:5)
  A worm (D:1)
  4 dart slugs
  19 orcs
  4 ball pythons
  8 bats
  5 endoplasms
  2 giant cockroaches
  5 goblins
  4 hobgoblins
  2 jackals (D:1)
  3 quokkas
  5 frilled lizards
  7 kobolds
  5 rats
  A spectral kobold (D:1)
112 creatures vanquished.

Vanquished Creatures (collateral kills)
  A phantom (D:5)
  An orc wizard (D:3)
  An orc (D:3)
3 creatures vanquished.

Vanquished Creatures (others)
  A wight (D:7)
1 creature vanquished.

Grand Total: 116 creatures vanquished

Notes
Turn   | Place    | Note
-------+----------+-------------------------------------------
     0 | D:1      | H0rd4k the Octopode Artificer began the quest for the Orb.
     0 | D:1      | Reached XP level 1. HP: 13/13 MP: 1/1
   309 | D:1      | Reached XP level 2. HP: 15/18 MP: 1/3
   383 | D:1      | Reached skill level 1 in Spellcasting
   817 | D:1      | Found a faded altar of an unknown god.
   887 | D:1      | Reached XP level 3. HP: 19/23 MP: 4/4
  1626 | D:2      | Reached skill level 1 in Unarmed Combat
  2665 | D:3      | Reached XP level 4. HP: 24/29 MP: 6/6
  2846 | D:3      | Reached skill level 2 in Unarmed Combat
  3118 | D:3      | Noticed an orc warrior
  3134 | D:3      | Reached XP level 5. HP: 18/35 MP: 8/8
  3235 | D:3      | Killed an orc warrior
  3236 | D:3      | Reached skill level 3 in Unarmed Combat
  3357 | D:3      | Reached XP level 6. HP: 42/42 MP: 9/9
  3679 | D:3      | Found Susen's Distillery.
  4049 | D:4      | Reached skill level 4 in Unarmed Combat
  4351 | D:4      | Reached XP level 7. HP: 22/46 MP: 11/11
  4359 | D:4      | HP: 2/46 [something (1)]
  4600 | D:4      | Reached skill level 5 in Unarmed Combat
  5334 | D:5      | Entered Level 5 of the Dungeon
  5720 | D:5      | Reached skill level 6 in Unarmed Combat
  5754 | D:5      | Reached XP level 8. HP: 40/54 MP: 13/13
  6045 | D:6      | Found a staircase to the Ecumenical Temple.
  6065 | Temple   | Entered the Ecumenical Temple
  6189 | Temple   | Became a worshipper of Gozag Ym Sagoz the Greedy
  6347 | D:6      | Reached skill level 7 in Unarmed Combat
  6602 | D:6      | Noticed a two-headed ogre
  6845 | D:6      | Reached skill level 5 in Fighting
  6999 | D:6      | Found Ygokhoyl's Weapon Shop.
  7171 | D:6      | Reached skill level 8 in Unarmed Combat
  7730 | D:7      | Reached XP level 9. HP: 55/61 MP: 15/15
  7746 | D:7      | Found a glowing silver altar of Zin.
  7749 | D:7      | Found an iron altar of Okawaru.
  7809 | D:7      | Noticed Joseph
  7861 | D:7      | Slain by Joseph

Illustrated notes

Levels and vault maps discovered:
D:1:      dpeg_arrival_brainrot, layout_loops_ring,
          dreamdust_ecumenical_altar_drowned_temple
D:2:      layout_loops_ring, serial_glass, glass_columns_b, glass_columns_b,
          due_unseen_surprise
D:3:      layout_basic, serial_shops,
          nicolae_shop_temple_entry_statues_fountains
D:4:      layout_loops_corners
D:5:      layout_rooms
D:6:      layout_basic, minmay_temple_entry_wispy, serial_shops,
          nicolae_shop_crystal
D:7:      layout_basic, nicolae_overflow_squiral, enter_bailey_3, uniq_joseph
Temple:   nicolae_temple_bog_church

Skill      XL: |  1  2  3  4  5  6  7  8 |
---------------+-------------------------+-----
Spellcasting   | 1 2 3 4 |  4.4
Fighting       | 2 3 4 5 |  5.4
Unarmed Combat | 1 2 3 4 6 8 |  8.3
Dodging        | |  2.3
Stealth        | |  1.3
Evocations     | |  3.2

Action                   |  1- 3 |  4- 6 |  7- 9 || total
-------------------------+-------+-------+-------++-------
Melee: Unarmed           |   113 |    81 |   141 ||   335
       Constrict         |    20 |    20 |    30 ||    70
       Tentacles         |    22 |    13 |    41 ||    76
       Punch             |     3 |     3 |    12 ||    18
Evoke: Wand              |       |     9 |    10 ||    19
  Use: Scroll            |       |       |     7 ||     7
       Potion            |       |       |     7 ||     7
 Stab: Sleeping          |    16 |     5 |     5 ||    26
Armor: Skin              |    10 |     2 |    12 ||    24
Dodge: Dodged            |    60 |    37 |    89 ||   186
